Map: Inside and Out

Players

ChipisChipis

  • Race: Protoss Protoss
  • League: Diamond
  • Spawn Location: 1:00

JDLOO - Winner!

  • Race: Zerg Zerg
  • League: Diamond
  • Spawn Location: 7:00

VOD

Have the link to the VOD?

Description

Time

  • Played on: Jan. 6, 2023, 10:23 a.m.
  • Length: 4:23
Show
View Real Time Build Order
Export as new Build Order

ChipisChipis Protoss 

Build Orders: Double Forge 

Get SALT Encoding   

  12  0:00  Probe  
  13  0:12  Probe  
  14  0:22  Pylon  
  14  0:24  Probe  
  15  0:40  Probe (Chrono Boost)  
  16  0:44  Gateway  
  17  0:50  Probe (Chrono Boost)  
  17  0:51  Assimilator  
  17  0:55  Probe (Chrono Boost)  
  18  1:06  Probe (Chrono Boost)  
  19  1:14  Probe (Chrono Boost)  
  20  1:21  Probe  
  21  1:39  Cybernetics Core  
  21  1:47  Forge  
  21  1:50  Zealot, Pylon  
  23  1:57  Cybernetics Core  
  23  2:20  Photon Cannon  
  23  2:26  Photon Cannon, Pylon  
  23  2:39  Gateway  
  23  2:40  Photon Cannon  
  23  3:00  Photon Cannon  
  23  3:15  Pylon  
  22  3:27  Pylon  
  20  3:36  Pylon  
  20  3:38  Pylon  
  20  3:40  Pylon  
  20  3:45  Gateway  
  20  3:49  Forge  
Show
View Real Time Build Order
Export as new Build Order

JDLOO Zerg - Winner!

Build Orders: Pool First 

Get SALT Encoding   

  12  0:17  Spawning Pool  
  11  0:22  Drone  
  11  0:26  Drone  
  13  0:36  Overlord  
  13  0:40  Drone  
  14  1:05  Zergling x2  
  14  1:06  Zergling x4  
  17  1:16  Zergling x2  
  18  1:31  Hatchery  
  18  1:32  Zergling x2  
  18  1:39  Zergling x2  
  19  1:51  Zergling x2  
  20  2:03  Zergling x2  
  21  2:14  Zergling x2  
  22  2:22  Overlord  
  21  2:32  Hatchery  
  20  2:38  Zergling x2  
  21  2:45  Queen  
  21  2:46  Zergling x2  
  23  2:52  Zergling x2  
  23  2:56  Zergling x2  
  25  3:03  Zergling x2  
  25  3:14  Zergling x2  
  25  3:15  Zergling x4  
  29  3:20  Zergling x2  
  29  3:21  Queen  
  30  3:27  Zergling x2  
  30  3:33  Queen  
  33  3:37  Zergling x2  
  34  3:47  Zergling x4  
  36  3:55  Zergling x4  
  38  4:06  Drone  
  38  4:07  Drone x2  
Tags
 
Add a new tag
Caveats
  • Supply blocks, unpowered buildings, or Contaminate may cause inaccurate times.
  • Supply counts are checked every 10 seconds.